 Dungeon Crawl Stone Soup version 0.17-a0-1450-g7e755d1 (webtiles) character file.

3383 Chiseanne the Reanimator (level 9, -6/65 HPs)
             Began as a Demonspawn Wanderer on June 30, 2015.
             Was a Believer of Yredelemnul.
             Blown up by an eye of devastation (shapeshifter) (29 damage)
             ... with a bolt of energy
             ... on level 9 of the Dungeon.
             The game lasted 00:44:54 (12004 turns).

Chiseanne the Reanimator (Demonspawn Wanderer)     Turns: 12004, Time: 00:44:54

Health: -6/65      AC: 12    Str: 18    XL:     9   Next: 74%
Magic:  16/20      EV: 14    Int: 20    God:    Yredelemnul [**....]
Gold:   210        SH:  4    Dex:  9    Spells: 8 memorised, 5 levels left

rFire  + . .     SeeInvis +     s - +2 war axe (venom)
rCold  + . .     Clarity  .     L - +1 leather armour of Hopscotch {rPois Int+5 Slay-5 SInv} (curse)
rNeg   . . .     SustAt   .     m - +0 buckler
rPois  +         Gourm    .     j - +0 helmet
rElec  +         Spirit   .     k - +1 cloak {rPois}
rCorr  +         Warding  .     o - +1 pair of gloves
rMut   .         Stasis   .     u - +0 pair of boots
MR     .....                    (no amulet)
Stlth  ++........               n - +2 ring of evasion
                                C - ring of invisibility

@: resistant, not resistant to hostile enchantments, unstealthy
A: slimy green scales 1, foul stench 1, nightstalker 1, rot immunity
a: Animate Remains, Recall Undead Slaves, Injury Mirror, Renounce Religion,
Evoke Invisibility


You were on level 9 of the Dungeon.
You worshipped Yredelemnul.
Yredelemnul was pleased with you.
You were hungry.

You visited 2 branches of the dungeon, and saw 10 of its levels.

You collected 410 gold pieces.
You spent 200 gold pieces at shops.

Inventory:

Hand weapons
 a - a +2 dagger of freezing
 s - a +2 war axe of venom (weapon)
 w - a +0 blowgun
 B - a cursed -1 spear
 K - a +0 short sword of venom
Missiles
 p - 59 poisoned needles
Armour
 d - a troll hide
 g - a +0 shield
 j - a +0 helmet (worn)
 k - a +1 cloak of poison resistance (worn)
 m - a +0 buckler (worn)
 o - a +1 pair of gloves (worn)
 u - a +0 pair of boots (worn)
 H - a fire dragon hide
 L - the cursed +1 leather armour of Hopscotch (worn) {rPois Int+5 Slay-5 SInv}
   (You found it on level 9 of the Dungeon)

   It affects your intelligence (+5).
   It affects your accuracy and damage with ranged weapons and melee attacks
   (-5).
   It protects you from poison.
   It lets you see invisible.
   It has a curse placed upon it.
Magical staves
 J - a cursed staff of earth {unknown}
Jewellery
 l - an uncursed ring of ice
 n - a +2 ring of evasion (right hand)
 v - an uncursed ring of poison resistance
 C - a ring of invisibility (left hand)
Magical devices
 e - a wand of fire (0)
 D - a wand of draining (0)
Scrolls
 c - a scroll of immolation
 y - 2 scrolls of amnesia
Potions
 h - a potion of cancellation
 t - 6 potions of curing
 x - 3 potions of cure mutation
 A - a potion of brilliance
 G - a potion of agility {unknown}
Books
 b - Sif Muna's Compendium of Heat

   Spells                             Type                      Level
   a - Flame Tongue                   Conjuration/Fire             1
   b - Inner Flame                    Hexes/Fire                   3
 i - a book of Necromancy

   Spells                             Type                      Level
   a - Pain                           Necromancy                   1
   b - Animate Skeleton               Necromancy                   1
   c - Vampiric Draining              Necromancy                   3
   d - Regeneration                   Charms/Necromancy            3
   e - Animate Dead                   Necromancy                   4
   f - Control Undead                 Necromancy                   4
 q - an Akashic Record

   Spells                             Type                      Level
   a - Dispersal                      Translocation                6
   b - Controlled Blink               Translocation                7
   c - Malign Gateway                 Summoning/Translocation      7
   d - Disjunction                    Translocation                8
 I - a book of Cantrips

   Spells                             Type                      Level
   a - Corona                         Hexes                        1
   b - Animate Skeleton               Necromancy                   1
   c - Summon Small Mammal            Summoning                    1
   d - Apportation                    Translocation                1
Comestibles
 f - 11 bread rations
 r - 4 meat rations
 E - 7 fruits


   Skills:
 - Level 3.9 Fighting
 - Level 1.0 Throwing
 - Level 1.0 Armour
 - Level 2.5 Dodging
 * Level 4.6 Shields
 + Level 7.9 Spellcasting
 + Level 9.7 Necromancy
   Level 1.0 Earth Magic
 - Level 1.0 Evocations


You had 5 spell levels left.
You knew the following spells:

 Your Spells              Type           Power        Failure   Level  Hunger
a - Pain                  Necr           ####         1%          1    None
b - Animate Skeleton      Necr           N/A          1%          1    None
c - Vampiric Draining     Necr           #####.....   1%          3    None
d - Control Undead        Necr           #####.....   1%          4    ###....
e - Animate Dead          Necr           N/A          1%          4    ###....
f - Regeneration          Chrm/Necr      ####......   6%          3    None
g - Apportation           Tloc           #.........   14%         1    None
h - Corona                Hex            #......      14%         1    None


Dungeon Overview and Level Annotations

Branches:
Dungeon (9/15)             Temple (1/1) D:4
   Lair: D:8-11         Orc: D:9-12

Altars:
Ashenzari
Cheibriados
Dithmenos
Elyvilon
Fedhas
Gozag
Kikubaaqudgha
Makhleb
Nemelex Xobeh
Okawaru
Qazlal
Ru
Sif Muna
Trog
Yredelemnul
Zin
The Shining One

Shops:
D:5 [[}

Annotations:
D:2 Natasha
D:5 afx's ghost, experienced FoAK


Innate Abilities, Weirdness & Mutations

You are partially covered in slimy green scales (AC +2).
You may emit foul miasma when damaged in melee.
You are slightly more attuned to the shadows.
You are immune to rotting.


Message History

You hit the eye of devastation but do no damage.
The eye of devastation is moderately wounded.
You barely miss the spectral worker ant.
You hit the spectral wasp but do no damage.
The spectral wasp is lightly damaged.
The spectral wasp fades away!
The spectral worker ant bites you but does no damage.
The spectral worker ant barely misses you.
You completely miss the eye of devastation.
The eye of devastation is moderately wounded.
You barely miss the spectral worker ant.
The spectral worker ant closely misses you.
The spectral worker ant barely misses you.
You block the spectral worker ant's attack.
There is an open door here.
The spectral worker ant misses you.
The spectral worker ant fades away!
The eye of devastation gazes at you. The bolt of energy hits you!
You die...

#..........
#..........
####
##.........
#§.#
#.........
##)#
#.........
##G#§Z#
#.........
#.'#Ht#
#.........
##.#§§#
#.........
#@#§§#
#..#######
#.#.§# #..
#### #.#++#
#.. #...
#.#[(# ##
###.#.
#.#:)#(#
###...##
#.####.#
#.....#.
##....#
#.#)..#.
####''####
# ##..#.
#..#..#..#
##...#.


You could see an eye of devastation shaped shifter.

Vanquished Creatures
  A hornet (D:9)
  A troll (D:9)
  A two-headed ogre (D:9)
  A spriggan (D:7)
  A hippogriff (D:7)
  An orc warrior (D:7)
  5 ogres
  3 centaurs
  2 big kobolds
  A giant frog (D:9)
  5 killer bees (D:8)
  A scorpion (D:3)
  A quasit (D:7)
  A centaur skeleton (D:6)
  4 orc priests
  A jelly (D:7)
  5 orc wizards
  3 giant frog skeletons
  4 hounds
  2 iguanas (D:7)
  3 worker ants
  Robin (D:1)
  4 gnolls
  5 adders
  A shadow imp (D:7)
  An adder zombie (D:7)
  A worm (D:2)
  6 giant geckos
  14 orcs
  13 bats
  2 bat skeletons
  7 giant cockroaches
  20 hobgoblins
  5 jackals
  24 kobolds
  A ball python (D:8)
  3 giant newts
  17 goblins
  A quokka skeleton (D:4)
  21 rats
194 creatures vanquished.

Vanquished Creatures (collateral kills)
  A giant frog (D:4)
  2 killer bees (D:8)
  An orc wizard (D:5)
  A centaur skeleton (D:4)
  Terence (D:2)
  Natasha (D:2)
  3 worker ants
  A hound zombie (D:8)
  2 adders
  A worm (D:2)
  2 orcs (D:7)
  2 goblins (D:1)
  A kobold (D:1)
  3 bats
  A giant cockroach (D:1)
  A giant gecko skeleton (D:7)
  A giant newt (D:7)
  A jackal (D:6)
  A jackal zombie (D:7)
27 creatures vanquished.

Vanquished Creatures (others)
  A manticore (D:9)
  A human (D:6)
  An orc (D:9)
  A bush (D:6)
4 creatures vanquished.

Grand Total: 225 creatures vanquished

Notes
Turn   | Place    | Note
--------------------------------------------------------------
     0 | D:1      | Chiseanne the Demonspawn Wanderer began the quest for the Orb.
     0 | D:1      | Chiseanne set off with: a book of Necromancy, Sif Muna's Compendium of Heat, a potion of lignification, a +0 robe, a +0 club, a bread ration
     0 | D:1      | Reached XP level 1. HP: 16/16 MP: 2/2
     1 | D:1      | Identified Sif Muna's Compendium of Heat
     3 | D:1      | Learned a level 1 spell: Animate Skeleton
     5 | D:1      | Learned a level 1 spell: Pain
   444 | D:1      | Gained mutation: You are immune to rotting. [demonic ancestry]
   444 | D:1      | Reached XP level 2. HP: 15/22 MP: 3/3
   901 | D:1      | Reached skill level 1 in Dodging
  1609 | D:2      | Gained mutation: You are partially covered in slimy green scales (AC +2). [demonic ancestry]
  1609 | D:2      | Reached XP level 3. HP: 23/28 MP: 0/5
  1610 | D:2      | Noticed Robin
  1806 | D:1      | Killed Robin
  2071 | D:2      | Learned a level 3 spell: Vampiric Draining
  2073 | D:2      | Noticed Terence
  2087 | D:2      | Killed Terence
  2087 | D:2      | Gained mutation: You are slightly more attuned to the shadows. [demonic ancestry]
  2087 | D:2      | Reached XP level 4. HP: 24/35 MP: 2/7
  2276 | D:2      | Noticed Natasha
  2282 | D:2      | Killed Natasha
  2354 | D:2      | Your ally Terence died
  2408 | D:2      | Your ally Natasha died
  2530 | D:2      | Noticed Natasha
  3060 | D:2      | Noticed a moth of wrath
  3213 | D:2      | Found a bloodstained altar of Trog.
  3216 | D:2      | Reached skill level 4 in Necromancy
  3901 | D:3      | Found a sacrificial altar of Ru.
  4043 | D:3      | Gained mutation: You may emit foul miasma when damaged in melee. [demonic ancestry]
  4043 | D:3      | Reached XP level 5. HP: 38/41 MP: 4/8
  4220 | D:4      | Noticed a phantom
  4416 | D:3      | HP: 2/41 [gnoll (7)]
  4427 | D:3      | HP: 1/41 [gnoll/club (2)]
  4784 | D:4      | Reached XP level 6. HP: 28/48 MP: 4/10
  5270 | D:4      | Learned a level 4 spell: Control Undead
  5312 | D:4      | Found a staircase to the Ecumenical Temple.
  5363 | Temple   | Entered the Ecumenical Temple
  5467 | Temple   | Became a worshipper of Yredelemnul the Dark
  5664 | D:4      | Reached skill level 5 in Necromancy
  6191 | D:4      | Reached XP level 7. HP: 33/53 MP: 4/12
  6482 | D:5      | Entered Level 5 of the Dungeon
  6716 | D:5      | Found a blossoming altar of Fedhas.
  6741 | D:5      | Found Kuress's Gadget Shoppe.
  6757 | D:5      | Reached skill level 6 in Necromancy
  6881 | D:5      | Found Ywaunoch's Armour Boutique.
  6884 | D:5      | Bought a +0 hat for 52 gold pieces
  6907 | D:5      | Bought a +0 pair of boots for 58 gold pieces
  7063 | D:5      | Learned a level 4 spell: Animate Dead
  7110 | D:5      | Noticed afx's ghost (experienced FoAK)
  7276 | D:5      | Found an iron altar of Okawaru.
  7283 | D:5      | Found an ancient bone altar of Kikubaaqudgha.
  7619 | D:5      | Found Dipnaoxt's Antique Armour Emporium.
  7625 | D:5      | Bought a runed cloak for 90 gold pieces
  7899 | D:6      | Reached skill level 5 in Spellcasting
  7916 | D:6      | Learned a level 3 spell: Regeneration
  8092 | D:6      | Reached skill level 7 in Necromancy
  8092 | D:6      | Reached XP level 8. HP: 54/60 MP: 2/16
  8123 | D:6      | Acquired Yredelemnul's first power
  8564 | D:6      | Found an ancient bone altar of Kikubaaqudgha.
  8573 | D:6      | Noticed a human
  8575 | D:6      | Killed a human
  8702 | D:7      | Found a sparkling altar of Nemelex Xobeh.
  8989 | D:7      | Reached skill level 8 in Necromancy
 10216 | D:7      | Acquired Yredelemnul's second power
 10216 | D:7      | Reached skill level 1 in Shields
 10216 | D:7      | Reached XP level 9. HP: 43/65 MP: 6/19
 10325 | D:7      | Learned a level 1 spell: Apportation
 10643 | D:8      | Reached skill level 9 in Necromancy
 11494 | D:9      | Got a pitted leather armour
 11521 | D:9      | Identified the cursed +1 leather armour of Hopscotch {rPois Int+5 Slay-5 SInv} (You found it on level 9 of the Dungeon)
 11524 | D:9      | Learned a level 1 spell: Corona
 11723 | D:9      | Noticed a kobold demonologist
 11728 | D:9      | Noticed a kobold demonologist
 11729 | D:9      | Noticed a hellwing
 11734 | D:9      | Noticed a sixfirhy
 11976 | D:9      | Noticed a manticore
 11976 | D:9      | Noticed a salamander
 11976 | D:9      | Noticed a hornet
 11979 | D:9      | Noticed a ghost crab
 11979 | D:9      | a salamander changed into a ghost crab
 11987 | D:9      | Killed a hornet
 11989 | D:9      | Killed a manticore
 11994 | D:9      | Noticed a spectral alligator snapping turtle
 11994 | D:9      | Noticed an eye of devastation
 11994 | D:9      | a ghost crab changed into an eye of devastation
 12004 | D:9      | Blown up by an eye of devastation (shapeshifter)

Vault maps used:
D:1:      dpeg_arrival_morbid_curiosity, nrook_uturn
D:2:      tgw_trog, first_bread, kennysheep_generic_room_6, uniq_natasha,
          uniq_robin, uniq_terence
D:3:      lemuel_crystal_altar
D:4:      minmay_temple_entry_junction
D:5:      amethyst_overflow_temple_binary, basic_altar, serial_shops, shop,
          shop, shop, minmay_tree_intersection
D:6:      kb_lookout_dungeons_type, tgw_kikubaaqudgha
D:7:      basic_altar, the_bakery
D:9:      nicolae_overflow_hidden_temple, minmay_misc_feat_rugged,
          wad_scary_box, uniq_maurice
Temple:   circular_temple_12

Action                   |  1- 3 |  4- 6 |  7- 9 || total
-------------------------+-------+-------+-------++-------
Melee: Mace              |    54 |       |       ||    54
       Club              |     6 |       |       ||     6
       Dagger            |       |    99 |   333 ||   432
       War axe           |       |       |    43 ||    43
 Cast: Pain              |    53 |   111 |    60 ||   224
       Animate Skeleton  |    20 |    20 |    28 ||    68
       Vampiric Draining |       |    12 |    57 ||    69
       Animate Dead      |       |       |    11 ||    11
       Corona            |       |       |     2 ||     2
       Control Undead    |       |       |     1 ||     1
       Regeneration      |       |       |     1 ||     1
Evoke: Wand              |       |       |     8 ||     8
  Use: Scroll            |     6 |     5 |     7 ||    18
       Potion            |       |     4 |     5 ||     9
 Stab: Sleeping          |       |     4 |     7 ||    11
  Eat: Chunk             |     6 |     7 |    16 ||    29
       Fruit             |       |     4 |     5 ||     9
       Beef jerky        |       |     3 |     2 ||     5
       Pizza             |       |     1 |       ||     1
